 Dungeon Crawl Stone Soup version 0.29.1-1-gd02db6906a (webtiles) character file.

Game seed: 244339240303122547

160 RascalDebosk the Conjurer (level 5, -13/28 HPs)
             Began as a Deep Elf Conjurer on Oct 4, 2022.
             Mangled by an orc warrior
             ... wielding a +0 dire flail
              (17 damage)
             ... on level 4 of the Dungeon.
             The game lasted 00:22:18 (3761 turns).

RascalDebosk the Conjurer (Deep Elf Conjurer)       Turns: 3761, Time: 00:22:19

Health: -13/28     AC:  2    Str:  4    XL:     5   Next: 17%
Magic:  1/13       EV: 13    Int: 25    God:
Gold:   196        SH:  5    Dex: 13    Spells: 6/12 levels left

rFire   . . .      SeeInvis .   s - +2 dagger (spect)
rCold   . . .      Faith    .   (no shield)
rNeg    . . .      Spirit   .   h - +0 robe
rPois   +          Reflect  +   (no helmet)
rElec   .          Harm     .   (no cloak)
rCorr   .          Rampage  .   (no gloves)
Will    .....                   (no boots)
Stlth   ++........              q - amulet of reflection
HPRegen 0.09/turn               v - ring of poison resistance
MPRegen 0.13/turn               (no ring)

@: no status effects
A: no striking features
a: no special abilities


You were on level 4 of the Dungeon.
You visited 1 branch of the dungeon, and saw 4 of its levels.

You collected 196 gold pieces.

Inventory:

Hand Weapons
 s - a +2 spectral dagger (weapon)
Armour
 h - a +0 robe (worn)
 x - an orb of energy
Jewellery
 q - an amulet of reflection (around neck)
 v - a ring of poison resistance (left hand)
Scrolls
 t - 2 scrolls of teleportation
Potions
 a - a potion of ambrosia
 b - a potion of heal wounds
 d - a potion of flight
 g - 2 potions of curing
 k - a potion of invisibility
 l - a potion of might
 n - a potion of haste {unknown}
 p - a potion of degeneration {unknown}
 r - a potion of attraction {unknown}
 u - a potion of lignification {unknown}
 w - a potion of mutation {unknown}


   Skills:
 + Level 3.3 Dodging
 + Level 3.3 Stealth
 + Level 4.0 Spellcasting
 + Level 4.9 Conjurations
 + Level 2.3 Hexes
 + Level 1.2 Summonings
 + Level 1.9 Translocations


You had 6 spell levels left.
You knew the following spells:

 Your Spells              Type           Power      Damage    Failure   Level
a - Magic Dart            Conj           100%       1d8       1%          1
b - Searing Ray           Conj           58%        2d6       1%          2
c - Summon Guardian Gole  Hex/Summ       14%        N/A       13%         3

Your spell library contained the following spells:

 Spells                   Type           Power      Damage    Failure   Level
 Static Discharge         Conj/Air       17%        3-6/arc   4%          2
 Dazzling Flash           Conj/Hex       46%        N/A       6%          3
 Fulminant Prism          Conj/Hex       11%        3d9       21%         4
 Iskenderun's Mystic Bla  Conj/Tloc      22%        2d6       22%         4
 Ignite Poison            Fire/Tmut/Pois 5%         N/A       26%         3
 Sticky Flame             Conj/Fire      17%        2d4       32%         4
 Dispel Undead            Necr           5%         3d7       65%         4
 Ice Form                 Ice/Tmut       5%         N/A       65%         4
 Yara's Violent Unravell  Hex/Tmut       5%         3d4       83%         5
 Orb of Destruction       Conj           14%        9d7       100%        7
 Spellforged Servitor     Conj/Summ      10%        N/A       100%        7


Dungeon Overview and Level Annotations

Branches:
Dungeon (4/15)
 Temple: D:4-7

Altars:


Message History

A jackal comes into view.
A jackal is nearby! 2 jackals come into view.
The jackal barks! x2
You see here 5 gold pieces.
A jackal comes into view.
Aiming: Magic Dart (safe; 1% risk of failure)
Press: ? - help, Q - select action, (/) - cycle Shift-Dir - straight line, f - jackal
Aim: a jackal (100% to hit)
The magic dart hits the jackal but does no damage.
Aiming: Magic Dart (safe; 1% risk of failure)
Press: ? - help, Q - select action, (/) - cycle Shift-Dir - straight line, f/p - jackal
Aim: a jackal (100% to hit)
The magic dart hits the jackal!
You kill the jackal!
The jackal barks!
The jackal barely misses you.
Aiming: Magic Dart (safe; 1% risk of failure)
Press: ? - help, Q - select action, (/) - cycle Shift-Dir - straight line, f - jackal
Aim: a jackal (100% to hit)
The magic dart hits the jackal.
The jackal is almost dead.
The jackal barks!
The jackal bites you.
An orc warrior comes into view. It is wielding a +0 dire flail.
Aiming: Magic Dart (safe; 1% risk of failure)
Press: ? - help, Q - select action, (/) - cycle Shift-Dir - straight line, f/p - jackal
Aim: a jackal (almost dead, 100% to hit)
The magic dart hits the jackal!
You kill the jackal!
Casting: Magic Dart (safe; 1% risk of failure)
Confirm with . or Enter, or press ? or * to list all spells.
Aiming: Searing Ray (safe; 1% risk of failure)
Press: ? - help, Shift-Dir - straight line, f - jackal
Aim: a jackal (74% to hit)
The searing ray hits the jackal.
The jackal is lightly wounded.
The searing ray hits the jackal.
The jackal is heavily wounded. (Press . to maintain the ray.)
The searing ray misses the jackal.
The searing ray hits the jackal!
You kill the jackal!
You block the jackal's attack.
The searing ray hits the jackal!
You kill the jackal!
* * * LOW MAGIC WARNING * * *
Casting: Searing Ray (safe; 1% risk of failure)
Confirm with . or Enter, or press ? or * to list all spells.
Restarting spell: Searing Ray (safe; 1% risk of failure)
Press: ? - help, Shift-Dir - straight line, f - orc warrior
Aim: an orc warrior, wielding a +0 dire flail and wearing a +0 plate armour (79% to hit)
The searing ray hits the orc warrior.
The orc warrior is lightly wounded. (Press . to maintain the ray.)
* * * LOW MAGIC WARNING * * *
* * * LOW MAGIC WARNING * * *
Casting: Searing Ray (safe; 1% risk of failure)
Confirm with . or Enter, or press ? or * to list all spells.
Restarting spell: Searing Ray (safe; 1% risk of failure)
Press: ? - help, Shift-Dir - straight line, f/p - orc warrior
Aim: an orc warrior, wielding a +0 dire flail and wearing a +0 plate armour (lightly wounded, 79% to hit)
The searing ray hits the orc warrior.
The orc warrior is moderately wounded. (Press . to maintain the ray.)
* * * LOW MAGIC WARNING * * *
The orc warrior hits you with a +0 dire flail!
The searing ray hits the orc warrior but does no damage.
The orc warrior is moderately wounded.
* * * LOW MAGIC WARNING * * *
The orc warrior hits you with a +0 dire flail!
* * * LOW HITPOINT WARNING * * *
You feel much better. The orc warrior closely misses you.
You hit the orc warrior but do no damage.
The orc warrior is moderately wounded.
Your +2 spectral dagger hits the orc warrior!
The orc warrior misses you.
You hit the orc warrior but do no damage.
The orc warrior is heavily wounded.
Your +2 spectral dagger hits the orc warrior but does no damage.
The orc warrior hits you with a +0 dire flail!
Unknown command.
You barely miss the orc warrior.
The orc warrior is heavily wounded.
Your +2 spectral dagger hits the orc warrior but does no damage.
The orc warrior hits you with a +0 dire flail!
* * * LOW HITPOINT WARNING * * *
You hit the orc warrior.
The orc warrior is heavily wounded.
Your +2 spectral dagger hits the orc warrior.
You block the orc warrior's attack.
You hit the orc warrior but do no damage.
The orc warrior is severely wounded.
Your +2 spectral dagger hits the orc warrior but does no damage.
The orc warrior closely misses you.
You hit the orc warrior but do no damage.
The orc warrior is severely wounded.
Your +2 spectral dagger barely misses the orc warrior.
The orc warrior hits you with a +0 dire flail!
Ouch! That really hurt!
You die...

#### ...###
.....## ####..##
## ##..## .###
##..## ...######
#...# #........
##..# #........
##..# ##@.......
##...#
#.o(.#####
#####.)..#
##...##
........##
#...## ........#
##.[## ......).#
#...# ........##
##..##
.........###...#
.#######......##


You could see an orc warrior and a friendly +2 spectral dagger (summoned).

Vanquished Creatures
  An orc wizard (D:4)
  4 adders
  A white imp (D:3)
  A worm (D:2)
  A dart slug (D:2)
  7 orcs
  10 endoplasms
  3 giant cockroaches
  6 goblins
  3 hobgoblins
  8 jackals
  8 kobolds
  2 quokkas (D:1)
  7 ball pythons
  5 bats
  3 frilled lizards
  7 rats
77 creatures vanquished.

Notes
Turn   | Place    | Note
-------+----------+-------------------------------------------
     0 | D:1      | RascalDebosk the Deep Elf Conjurer began the quest for the
                  | Orb.
     0 | D:1      | Reached XP level 1. HP: 10/10 MP: 6/6
   154 | D:1      | Found a faded altar of an unknown god.
   249 | D:1      | Reached XP level 2. HP: 15/15 MP: 0/8
   375 | D:1      | Reached skill level 1 in Hexes
   725 | D:1      | Reached skill level 1 in Translocations
  1060 | D:2      | Reached XP level 3. HP: 19/19 MP: 6/9
  1063 | D:2      | Learned a level 2 spell: Searing Ray
  1331 | D:2      | Learned a level 3 spell: Summon Guardian Golem
  1873 | D:2      | Reached XP level 4. HP: 24/24 MP: 8/11
  2176 | D:3      | Got the Vellum of Moulding
  3471 | D:4      | Reached skill level 1 in Summonings
  3471 | D:4      | Reached XP level 5. HP: 13/28 MP: 3/13
  3746 | D:4      | Noticed an orc warrior
  3761 | D:4      | Mangled by an orc warrior

Illustrated notes

Levels and vault maps discovered:
D:1:      dpeg_arrival_connections, layout_rooms, ebering_ecumenical_altar_box,
          minmay_tall_x
D:2:      layout_loops_ring
D:3:      layout_basic
D:4:      layout_layer_cave, uniq_robin, uniq_natasha, uniq_ijyb

Skill      XL: |  1  2  3  4 |
---------------+-------------+-----
Hexes          | 1 2 |  2.3
Translocations | 1 |  1.9
Stealth        | 3 |  3.3
Dodging        | 3 |  3.3
Spellcasting   | 4 |  4.0
Summonings     | 1 |  1.2
Conjurations   | |  4.9

Action                   |  1- 3 |  4- 6 || total
-------------------------+-------+-------++-------
Melee: Unarmed           |     2 |       ||     2
       Short sword       |    10 |     7 ||    17
       Dagger            |       |    18 ||    18
 Cast: Magic Dart        |    85 |    53 ||   138
       Searing Ray       |     1 |     6 ||     7
       Summon Guardian G |       |     1 ||     1
  Use: Potion            |     1 |     1 ||     2
       Scroll            |       |    13 ||    13
Armor: Robe              |    11 |     2 ||    13
Dodge: Dodged            |    21 |    22 ||    43
Block: Other             |       |     3 ||     3
